 Dungeon Crawl Stone Soup version 0.27-a0-1200-g94dc6ad4cf (webtiles) character file.

Game seed: 13528924610747004821

18 flotson the Covert (level 2, 0/29 HPs)
             Began as a Gnoll Delver on May 31, 2021.
             Slain by an elf skeleton (5 damage)
             ... on level 4 of the Dungeon.
             The game lasted 00:01:33 (200 turns).

flotson the Covert (Gnoll Delver)                    Turns: 200, Time: 00:01:35

Health: 0/29       AC:  3    Str: 11    XL:     2   Next: 70%
Magic:  2/2        EV: 13    Int:  9    God:
Gold:   7          SH:  0    Dex: 13    Spells: 2/2 levels left

rFire    . . .     SeeInvis .   a - +0 spear
rCold    . . .     Faith    .   (no shield)
rNeg     . . .     Spirit   .   b - +0 leather armour
rPois    .         Reflect  .   (no helmet)
rElec    .         Harm     .   (no cloak)
rCorr    .         Rampage  .   (no gloves)
Will     .....                  (no boots)
Stlth    ++++......             (no amulet)
HPRegen  0.09/turn              (no ring)
MPRegen  0.08/turn              (no ring)

@: hasted, very quick
A: fangs 1, strong nose, distributed training
a: no special abilities


You were on level 4 of the Dungeon.
You visited 1 branch of the dungeon, and saw 2 of its levels.

You collected 7 gold pieces.

Inventory:

Hand Weapons
 a - a +0 spear (weapon)
Missiles
 h - 4 atropa-tipped darts (quivered)
Armour
 b - a +0 leather armour (worn)
Wands
 g - a wand of digging (2)
Scrolls
 c - a scroll of fog
 e - a scroll of fear
 i - a scroll of identify {unknown}


   Skills:
 + Level 6.5 Fighting
 + Level 0.5 Short Blades
 + Level 0.5 Long Blades
 + Level 0.5 Axes
 + Level 0.5 Maces & Flails
 + Level 4.5 Polearms
 + Level 0.5 Staves
 + Level 0.5 Slings
 + Level 0.5 Bows
 + Level 0.5 Crossbows
 + Level 0.5 Throwing
 + Level 0.5 Armour
 + Level 4.5 Dodging
 + Level 9.5 Stealth
 + Level 0.5 Shields
 + Level 0.5 Unarmed Combat
 + Level 0.5 Spellcasting
 + Level 0.3 Conjurations
 + Level 0.3 Hexes
 + Level 0.3 Summonings
 + Level 0.3 Necromancy
 + Level 0.3 Translocations
 + Level 0.3 Transmutations
 + Level 0.3 Fire Magic
 + Level 0.3 Ice Magic
 + Level 0.3 Air Magic
 + Level 0.3 Earth Magic
 + Level 0.3 Poison Magic
 + Level 0.6 Invocations
 + Level 0.5 Evocations


You had 2 spell levels left.
You didn't know any spells.
Your spell library was empty.

Dungeon Overview and Level Annotations

Branches:
Dungeon (5/15)
 Temple: D:4-7

Altars:


Innate Abilities, Weirdness & Mutations

You have very sharp teeth.
Your uncanny sense of smell can sniff out nearby items.
Your experience applies equally to all skills.


Message History

You hit the elf skeleton. You bite the elf skeleton.
The elf skeleton is lightly damaged.
The elf skeleton completely misses you.
You hit the elf skeleton but do no damage.
The elf skeleton is lightly damaged.
You hit the elf skeleton.
The elf skeleton is lightly damaged.
The elf skeleton completely misses you.
You hit the ball python.
You kill the ball python!
You barely miss the elf skeleton. Your bite misses the elf skeleton.
The elf skeleton is lightly damaged.
The elf skeleton closely misses you.
You hit the elf skeleton.
The elf skeleton is moderately damaged.
You hit the elf skeleton.
The elf skeleton is moderately damaged.
The hound skeleton bites you. The elf skeleton hits you.
You hit the elf skeleton.
The elf skeleton is moderately damaged.
The hound skeleton bites you.
You hit the elf skeleton but do no damage.
The elf skeleton is moderately damaged.
The elf skeleton hits you.
* * * LOW HITPOINT WARNING * * *
The hound skeleton barely misses you.
You hit the elf skeleton.
The elf skeleton is moderately damaged.
The hound skeleton bites you.
* * * LOW HITPOINT WARNING * * *
You hit the elf skeleton.
The elf skeleton is heavily damaged.
The elf skeleton misses you.
You hit the elf skeleton but do no damage.
The elf skeleton is heavily damaged.
The hound skeleton misses you.
You hit the elf skeleton but do no damage.
The elf skeleton is heavily damaged.
The elf skeleton hits you.
You die...

*,,_,^#..# #........#.S.....#
*,,,,,#.## #.############.#####
#,^,,,#.# #.**,*,*,+,#.......#
#**,**###***#.**+*+*+**#.....#.#
,**,**,,,,,,..**,+,,,+∩#..####.#*
,*,,**,*****##*###,,,**#........,
,**,**,* *,,,∆*#.+,,,+,#Z#####.#*
,**,**,* *,,,,*#Z#+*+*+#S# *,*
,*,,,,,* *,,,,*#@#,*,*,#.# *,*
,+,,,,,* *,,,,*#Z#######.# *,*
**,,,,,***,,,,*#....S.Z..# *,*
,+,,,,,,,+,,,,+........#.#****,*
**,,,,*,**,,,,###......#...,,,,*
*,,,,*,**,,,∆* #......#####****
******,**,,,,* ####+#.#,********
*,**,,,,* *,#.#,,,,,,,,,
*,******* *,#.#,*******,


You could see a hound skeleton and an elf skeleton.

Vanquished Creatures
  A hound skeleton (D:5)
  A goblin (D:4)
  A hobgoblin (D:4)
  2 ball pythons (D:4)
5 creatures vanquished.

Notes
Turn   | Place    | Note
-------+----------+-------------------------------------------
     0 | D:5      | Reached skill level 9 in Stealth
     0 | D:5      | flotson the Gnoll Delver began the quest for the Orb.
     0 | D:5      | Reached XP level 1. HP: 23/23 MP: 1/1
    18 | D:5      | Reached XP level 2. HP: 25/29 MP: 2/2
   153 | D:4      | Noticed an ogre
   200 | D:4      | Slain by an elf skeleton

Illustrated notes

Levels and vault maps discovered:
D:4:      layout_basic, nicolae_ru_the_path_less_chosen,
          nicolae_ossuary_entry_catacombs, minmay_misc_feat_nine_boxes,
          minmay_goblin_outpost, uniq_grinder
D:5:      layout_rooms, uniq_menkaure

Skill      XL: | |
---------------+-+-----
Stealth        | |  9.5
Fighting       | |  6.5
Short Blades   | |  0.5
Long Blades    | |  0.5
Axes           | |  0.5
Maces & Flails | |  0.5
Polearms       | |  4.5
Staves         | |  0.5
Slings         | |  0.5
Bows           | |  0.5
Crossbows      | |  0.5
Throwing       | |  0.5
Armour         | |  0.5
Dodging        | |  4.5
Shields        | |  0.5
Unarmed Combat | |  0.5
Spellcasting   | |  0.5
Conjurations   | |  0.3
Hexes          | |  0.3
Summonings     | |  0.3
Necromancy     | |  0.3
Translocations | |  0.3
Transmutations | |  0.3
Fire Magic     | |  0.3
Ice Magic      | |  0.3
Air Magic      | |  0.3
Earth Magic    | |  0.3
Poison Magic   | |  0.3
Invocations    | |  0.6
Evocations     | |  0.5

Action                   || total
-------------------------++-------
Melee: Spear             ||    27
       Bite              ||     2
Evoke: Wand              ||     1
  Use: Scroll            ||     1
       Potion            ||     1
 Stab: Sleeping          ||     3
Armor: Leather armour    ||     4
Dodge: Dodged            ||    26

Table legend: (Time is in decaauts)
 A = Elapsed time spent in this place.
 B = Non-inter-level travel time spent in this place.
 C = Inter-level travel time spent in this place.
 D = Time resting spent in this place.
 E = Time spent auto-exploring this place.
 F = Levels seen in this place.
 G = Mean time per level.
                   A        B        C        D        E       F      G
               +--------+--------+--------+--------+--------+-----+--------+
         Total |    183 |    183 |      0 |      0 |     49 |   2 |   91.5 |
       Dungeon |    183 |    183 |      0 |      0 |     49 |   2 |   91.5 |
               +--------+--------+--------+--------+--------+-----+--------+

Top non-repeatable levels by time:
     D:4: 133 daAuts
     D:5: 50 daAuts
